 Dungeon Crawl Stone Soup version 0.18.1-48-g4cf74bf (webtiles) character file.

411 sarahorange the Magician (level 6, -1/28 HPs)
             Began as a Spriggan Conjurer on July 14, 2016.
             Slain by an orc wizard
             ... wielding a +0 dagger
              (3 damage)
             ... on level 4 of the Dungeon.
             The game lasted 00:34:17 (5090 turns).

sarahorange the Magician (Spriggan Conjurer)        Turns: 5090, Time: 00:34:18

Health: -1/28      AC:  2    Str:  5    XL:     6   Next: 58%
Magic:  6/14       EV: 19    Int: 18    God:
Gold:   179        SH:  3    Dex: 16    Spells: 4 memorised, 5 levels left

rFire  x . .     SeeInvis +     q - +0 blowgun
rCold  + . .     Gourm    .     a - +0 robe
rNeg   . . .     Faith    .     (shield restricted)
rPois  .         Spirit   .     (helmet restricted)
rElec  .         Dismiss  .     (no cloak)
rCorr  .         Reflect  +     (gloves unavailable)
SustAt .         Harm     .     (boots unavailable)
MR     +....                    k - +3 amulet of reflection
Stlth  +++.......               (no ring)
                                o - ring of ice

@: very slightly contaminated, very quick, somewhat resistant to hostile
enchantments, fairly stealthy
A: unfitting armour, see invisible, herbivore 3, speed 3, slow metabolism 2
a: no special abilities


You were on level 4 of the Dungeon.
You were full.

You visited 1 branch of the dungeon, and saw 4 of its levels.

You collected 179 gold pieces.

Inventory:

Hand Weapons
 p - a +3 dagger
 q - a +0 blowgun (weapon)
Missiles
 i - 65 stones
 s - 13 poisoned needles (quivered)
Armour
 a - a +0 robe (worn)
Jewellery
 k - a +3 amulet of reflection (around neck)
 o - a ring of ice (left hand)
 r - a cursed -3 ring of protection {unknown}
 w - an uncursed amulet of magic regeneration
Scrolls
 d - a scroll of fear {unknown}
 e - a scroll of enchant armour {unknown}
 f - 3 scrolls of magic mapping
 h - a scroll of identify
 j - 2 scrolls of enchant weapon
 l - a scroll of blinking {unknown}
 n - 2 scrolls of remove curse {unknown}
 v - a scroll of immolation {unknown}
Potions
 g - a potion of lignification {unknown}
 m - a potion of heal wounds {unknown}
 t - a potion of beneficial mutation {unknown}
 u - a potion of resistance {unknown}
Books
 b - a book of Conjurations

   Spells                             Type                      Level
   a - Magic Dart                     Conjuration                  1
   b - Searing Ray                    Conjuration                  2
   c - Dazzling Spray                 Conjuration/Hexes            3
   d - Fulminant Prism                Conjuration/Hexes            4
   e - Iskenderun's Mystic Blast      Conjuration                  4
   f - Iskenderun's Battlesphere      Conjuration/Charms           5
Comestibles
 c - 2 bread rations


   Skills:
 + Level 0.1 Fighting
 + Level 1.3 Throwing
 + Level 4.0 Dodging
 + Level 3.9 Stealth
 * Level 5.3 Spellcasting
 * Level 4.6 Conjurations
 + Level 0.2 Hexes


You had 5 spell levels left.
You knew the following spells:

 Your Spells              Type           Power        Failure   Level  Hunger
a - Magic Dart            Conj           ###.         1%          1    None
b - Searing Ray           Conj           ###...       3%          2    #......
c - Dazzling Spray        Conj/Hex       ##....       17%         3    ##.....
d - Iskenderun's Mystic   Conj           ###.....     24%         4    ####...


Dungeon Overview and Level Annotations

Branches:
Dungeon (4/15)
 Temple: D:4-7

Altars:
Ashenzari
Cheibriados
Dithmenos
Gozag
Makhleb
Nemelex Xobeh
Yredelemnul
Zin

Annotations:
D:3 sarahorange's ghost, amateur SpCj


Innate Abilities, Weirdness & Mutations

You are tiny and cannot use many weapons and most armour.
You have supernaturally acute eyesight.
You are a herbivore.
You cover ground extremely quickly.
You need consume almost no food.


Message History

Confirm with . or Enter, or press ? or * to list all spells.
Aiming: Searing Ray
Press: ? - help, Shift-Dir - straight line, f/p - orc wizard
Aim: an orc wizard, wielding a dagger and wearing a robe (fast)
The searing ray hits the orc wizard.
The orc wizard is moderately wounded.
The orc wizard casts a spell at you. The puff of flame misses you.
The searing ray hits the orc wizard.
The orc wizard is heavily wounded.
The orc wizard is no longer moving quickly.
The orc wizard barely misses you.
The searing ray hits the orc wizard.
The orc wizard is severely wounded.
The orc wizard hits you with a dagger.
* * * LOW HITPOINT WARNING * * *
The searing ray hits the orc wizard.
The orc wizard is almost dead.
The orc wizard hits you with a dagger.
You die...

#..............#
#..............#
##.............#
##.............#
##............##
.#...........##
............##
#..###############
##..########.(.o@#
##.#....(...#####
#....#######
#.)#######
##).......##
#...[......#
#..........##
#...........#
##.#.........#


You could see an orc wizard.

Vanquished Creatures
  An ogre (D:3)
  3 hounds (D:4)
  A centaur skeleton (D:3)
  An orc priest (D:4)
  A worker ant (D:4)
  4 adders
  2 oozes
  An adder zombie (D:3)
  3 worms
  5 dart slugs
  3 giant geckos
  8 orcs
  7 bats
  4 giant cockroaches
  6 goblins
  6 hobgoblins
  9 jackals
  6 kobolds
  2 quokkas
  A ball python skeleton (D:4)
  3 giant newts
  6 rats
83 creatures vanquished.

Vanquished Creatures (others)
  A scorpion (D:4)
  An iguana (D:4)
  An orc (D:4)
3 creatures vanquished.

Grand Total: 86 creatures vanquished

Notes
Turn   | Place    | Note
--------------------------------------------------------------
     0 | D:1      | sarahorange the Spriggan Conjurer began the quest for the Orb.
     0 | D:1      | Reached XP level 1. HP: 9/9 MP: 5/5
   272 | D:1      | Reached XP level 2. HP: 13/13 MP: 4/6
   276 | D:1      | Learned a level 2 spell: Searing Ray
   696 | D:2      | Found a sparkling altar of Nemelex Xobeh.
   696 | D:2      | Found a glowing silver altar of Zin.
   696 | D:2      | Found a shadowy altar of Dithmenos.
  1046 | D:2      | Reached skill level 3 in Spellcasting
  1046 | D:2      | Reached XP level 3. HP: 16/16 MP: 1/8
  1167 | D:2      | Learned a level 3 spell: Dazzling Spray
  1191 | D:2      | Found an opulent altar of Gozag.
  2195 | D:3      | Reached XP level 4. HP: 21/21 MP: 2/9
  2553 | D:3      | Noticed sarahorange's ghost (amateur SpCj)
  3229 | D:3      | Reached skill level 4 in Spellcasting
  3462 | D:3      | Noticed an ogre
  3468 | D:3      | Killed an ogre
  3468 | D:3      | Reached XP level 5. HP: 24/24 MP: 5/13
  3546 | D:3      | Learned a level 4 spell: Iskenderun's Mystic Blast
  3900 | D:3      | Reached skill level 1 in Throwing
  3904 | D:3      | Found a burning altar of Makhleb.
  3911 | D:3      | Found a basalt altar of Yredelemnul.
  4298 | D:4      | Found a shattered altar of Ashenzari.
  4298 | D:4      | Found a snail-covered altar of Cheibriados.
  4411 | D:4      | Reached XP level 6. HP: 28/28 MP: 11/14
  4555 | D:4      | Reached skill level 5 in Spellcasting
  5090 | D:4      | Slain by an orc wizard

Skill      XL: |  1  2  3  4  5  6 |
---------------+-------------------+-----
Conjurations   | 3 4 |  4.6
Spellcasting   | 3 4 5 |  5.3
Throwing       | 1 |  1.3
Dodging        | 4 |  4.0
Fighting       | |  0.1
Stealth        | |  3.9
Hexes          | |  0.2

Action                   |  1- 3 |  4- 6 || total
-------------------------+-------+-------++-------
Melee: Unarmed           |    11 |       ||    11
       Dagger            |     4 |     3 ||     7
 Fire: Blowgun           |       |    31 ||    31
Throw: Stone             |    15 |    33 ||    48
 Cast: Magic Dart        |    50 |    46 ||    96
       Searing Ray       |    14 |    28 ||    42
       Dazzling Spray    |       |     3 ||     3
  Use: Scroll            |     2 |     1 ||     3
  Eat: Royal jelly       |       |     1 ||     1
       Bread ration      |       |     1 ||     1
Armor: Robe              |     3 |       ||     3
Dodge: Dodged            |    17 |    36 ||    53
Block: Other             |     3 |     5 ||     8
       Reflection        |     1 |       ||     1
